 Dungeon Crawl Stone Soup version 0.25.1-2-g60ff931df9 (webtiles) character file.

Game seed: 11503625017429630796

44 gruber the Shield-Bearer (level 3, -1/19 HPs)
             Began as a Vine Stalker Fighter on Aug 16, 2020.
             Succumbed to a goblin's poison
             ... on level 2 of the Dungeon.
             The game lasted 00:00:49 (1420 turns).

gruber the Shield-Bearer (Vine Stalker Fighter)     Turns: 1420, Time: 00:00:50

Health: -1/19      AC:  8    Str: 19    XL:     3   Next: 62%
Magic:  3/4        EV:  7    Int:  8    God:
Gold:   47         SH:  9    Dex: 13    Spells: 2/2 levels left

rFire    . . .     SeeInvis .   a - +0 long sword
rCold    . . .     Gourm    .   c - +0 kite shield
rNeg     . . .     Faith    .   b - +0 scale mail
rPois    .         Spirit   +   (no helmet)
rElec    .         Reflect  .   (no cloak)
rCorr    .         Harm     .   h - +0 pair of gloves
MR       .....                  o - +0 pair of boots
Stlth    ..........             (no amulet)
HPRegen  0.06/turn              (no ring)
MPRegen  0.09/turn              (no ring)

@: lethally poisoned (-1 -> -24)
A: fangs 2, magic shield, antimagic bite, no potion heal 3, rot immunity
a: no special abilities


You were on level 2 of the Dungeon.
You were not hungry.

You visited 1 branch of the dungeon, and saw 2 of its levels.

You collected 47 gold pieces.

Inventory:

Hand Weapons
 a - a +0 long sword (weapon)
Missiles
 p - 3 boomerangs (quivered)
Armour
 b - a +0 scale mail (worn)
 c - a +0 kite shield (worn)
 h - a +0 pair of gloves (worn)
 o - a +0 pair of boots (worn)
Scrolls
 e - a scroll of immolation {unknown}
 g - 2 scrolls of enchant armour {unknown}
 j - a scroll of amnesia {unknown}
 k - a scroll of fog {unknown}
 n - a scroll of teleportation {unknown}
 q - a scroll of fear {unknown}
Potions
 d - a potion of might
 i - a potion of cancellation {unknown}
 l - a potion of magic {unknown}
 m - 2 potions of berserk rage {unknown}
Comestibles
 f - 5 rations


   Skills:
 - Level 2.6 Fighting
 + Level 2.5 Long Blades
 - Level 2.4 Armour
 + Level 3.6 Shields


You had 2 spell levels left.
You didn't know any spells.
Your spell library was empty.

Dungeon Overview and Level Annotations

Branches:
Dungeon (2/15)

Altars:


Innate Abilities, Weirdness & Mutations

You have extremely sharp teeth.
When hurt, damage is shared between your health and your magic reserves.
Your bite disrupts and absorbs the magic of your enemies.
Potions cannot restore your health.
You are immune to rotting.


Message History

The kobold is moderately wounded.
You feel sick. You block the kobold's attack. The goblin completely misses you.
The kobold hits you with a +3 short sword.
You completely miss the kobold. Your bite misses the kobold.
The kobold is moderately wounded.
You feel sick. The goblin closely misses you. You block the kobold's attack.
The goblin hits you but does no damage.
You are more poisoned.
You feel sick. The goblin hits you but does no damage.
You are more poisoned.
You feel very sick.
* * * LOW HITPOINT WARNING * * *
You feel sick.
* * * LOW HITPOINT WARNING * * *
You feel sick.
* * * LOW HITPOINT WARNING * * *
You feel sick.
* * * LOW HITPOINT WARNING * * *
You feel sick.
You die...

..........# #....## #....#
#.##..#....# #...#.#
###....###.##.......# #.....#
..........##.......####.....#
#....###.##.<.##.........#.#
.###..............#..####....##
........###.##..#.#.)####.....#
.###..†....g....#.#..#.......##
......).....K.@.............#.#
...........#######...####.....#
.#.###..##.# #...# #.....#
.....##... ....# #...#.#
####.##..... .....####....##
...#...... .........#
#.#....... .......÷..
.......... .....##... #.######
###.. #.##


You could see a goblin and a kobold.

Vanquished Creatures
  An adder (D:2)
  A worm (D:2)
  A leopard gecko (D:2)
  2 giant cockroaches
  4 goblins
  6 hobgoblins (D:2)
  6 jackals (D:1)
  2 frilled lizards
  2 kobolds (D:2)
  3 rats (D:2)
28 creatures vanquished.

Notes
Turn   | Place    | Note
-------+----------+-------------------------------------------
     0 | D:1      | gruber the Vine Stalker Fighter began the quest for the
                  | Orb.
     0 | D:1      | Reached XP level 1. HP: 11/11 MP: 2/2
    46 | D:1      | Reached skill level 3 in Shields
    94 | D:1      | Reached XP level 2. HP: 16/16 MP: 3/3
   789 | D:2      | Reached XP level 3. HP: 17/19 MP: 4/4
  1420 | D:2      | Succumbed to a goblin's poison

Illustrated notes

Levels and vault maps discovered:
D:1:      saegor_arrival_miasma, layout_basic
D:2:      wad_river_or_something, layout_basic, kennysheep_generic_room_3

Skill      XL: |  1  2 |
---------------+-------+-----
Shields        | 3 |  3.6
Long Blades    | 2 |  2.5
Fighting       | |  2.6
Armour         | |  2.4

Action                   || total
-------------------------++-------
Melee: Long sword        ||    72
       Bite              ||    19
  Eat: Chunk             ||     2
Armor: Scale mail        ||    28
Dodge: Dodged            ||    26
Block: Kite shield       ||    23
       Rpst.: Long sword ||     9
